 Dungeon Crawl Stone Soup version 0.18-a0-960-g77c8fc5 (webtiles) character file.

106 M4edhros the Sneak (level 4, -4/28 HPs)
             Began as an Octopode Artificer on Dec 31, 2015.
             Slain by a killer bee (7 damage)
             ... on level 4 of the Dungeon.
             The game lasted 00:01:46 (1235 turns).

M4edhros the Sneak (Octopode Artificer)             Turns: 1235, Time: 00:01:46

Health: -4/28      AC:  1    Str: 19    XL:     4   Next: 84%
Magic:  6/6        EV: 13    Int: 15    God:
Gold:   138        SH:  0    Dex: 12    Spells: 0 memorised, 3 levels left

rFire  . . .     SeeInvis .     o - +0 spear (curse)
rCold  + . .     Gourm    .     (no shield)
rNeg   + . .     Faith    +     (helmet restricted)
rPois  .         Spirit   .     r - amulet of faith
rElec  .         Dismiss  .     h - ring of positive energy
rCorr  .         Reflect  .     i - ring of protection from cold
SustAt .         Harm     .     s - +4 ring of strength
MR     .....                    (no ring)
Stlth  ++++......               (no ring)
                                (no ring)
                                (no ring)
                                (no ring)

@: mighty, lethally poisoned (-4 -> -10), not resistant to hostile enchantments,
stealthy
A: almost no armour, amphibious, 8 rings, constrict 8, camouflage 1, gelatinous
body 1
a: no special abilities


You were on level 4 of the Dungeon.
You were not hungry.

You visited 1 branch of the dungeon, and saw 4 of its levels.

You collected 138 gold pieces.

Inventory:

Hand Weapons
 a - a +0 short sword
 o - a cursed +0 spear (weapon)
Missiles
 j - 52 stones (quivered)
 t - 24 sling bullets
Jewellery
 h - a ring of positive energy (left tentacle)
 i - a ring of protection from cold (right tentacle)
 r - an amulet of faith (around mantle)
 s - a +4 ring of strength (on tentacle)
Wands
 b - a wand of flame (13/48)
 c - a wand of enslavement (13/24)
 d - a wand of random effects (11/48)
Scrolls
 e - 3 scrolls of identify {unknown}
 k - a scroll of enchant armour {unknown}
 q - a scroll of amnesia {unknown}
 v - a scroll of random uselessness {unknown}
 w - a scroll of teleportation {unknown}
Potions
 n - 2 potions of invisibility {unknown}
 p - a potion of magic {unknown}
 u - a potion of curing {unknown}
Comestibles
 f - 2 bread rations
 g - 3 fruits
 m - 2 meat rations


   Skills:
 - Level 1.0 Fighting
 - Level 1.0 Short Blades
 * Level 3.3 Dodging
 * Level 4.5 Stealth
 + Level 3.7 Evocations


You had 3 spell levels left.
You didn't know any spells.

Dungeon Overview and Level Annotations

Branches:
Dungeon (4/15)
 Temple: D:4-7

Altars:


Innate Abilities, Weirdness & Mutations

You cannot wear most types of armour.
You are amphibious.
You can wear up to eight rings at the same time.
You can use your tentacles to constrict eight enemies at once.
Your skin changes colour to match your surroundings (Stealth).
Your rubbery body absorbs attacks (AC +1).


Message History

Aim: a worker ant (severely wounded, constricted by you)
The puff of flame hits the worker ant.
You kill the worker ant!
This wand has 13 charges left.
* * * LOW HITPOINT WARNING * * *
You feel sick.
Drink which item? (? for menu, Esc to quit)
It was a potion of might.
You feel very mighty all of a sudden.
* * * LOW HITPOINT WARNING * * *
You feel sick. The killer bee stings you.
* * * LOW HITPOINT WARNING * * *
Evoke which item? (* to show all) (? for menu, Esc to quit)
Zapping:
c - a wand of enslavement (14/24)
Press: ? - help, Shift-Dir - straight line, f - killer bee
Aim: a killer bee (lightly wounded, chance to defeat MR: 62%)
The killer bee resists with significant effort.
This wand has 13 charges left.
The killer bee misses you. The killer bee stings you!
You die...

o...... .......
.. ### ....... ..
..# ....... .#
#.# ..... .# #.#
... .# #.#
#.######.# #.#
#.)y@†...# #.#
#######..#.#†#
#....#.#
###.####.########
#...>............
#.#.###.#########
#.#...#.#
#.#.###.# #.#.#
#.#


You could see a killer bee.

Vanquished Creatures
  A worker ant (D:4)
  An ooze (D:2)
  2 worms
  A giant gecko (D:3)
  4 orcs
  5 bats
  A giant cockroach (D:1)
  8 goblins (D:1)
  5 hobgoblins
  3 kobolds (D:1)
  8 rats
39 creatures vanquished.

Vanquished Creatures (collateral kills)
  The ghost of M4edhros the Charlatan, a weakling OpAr (D:4)
  An adder (D:4)
  A giant gecko (D:4)
  An orc (D:4)
  A ball python (D:4)
5 creatures vanquished.

Grand Total: 44 creatures vanquished

Notes
Turn   | Place    | Note
--------------------------------------------------------------
     0 | D:1      | M4edhros the Octopode Artificer began the quest for the Orb.
     0 | D:1      | Reached XP level 1. HP: 13/13 MP: 3/3
    83 | D:1      | Reached XP level 2. HP: 9/18 MP: 4/4
   464 | D:1      | Reached XP level 3. HP: 20/23 MP: 5/5
  1192 | D:4      | Noticed a killer bee
  1192 | D:4      | a worker ant changed into a killer bee
  1205 | D:4      | Killed M4edhros's ghost
  1205 | D:4      | Reached skill level 4 in Stealth
  1205 | D:4      | Reached XP level 4. HP: 10/28 MP: 6/6
  1235 | D:4      | Slain by a killer bee

Vault maps used:
D:1:      lemuel_arrival_hallway, st_stairs_10,
          hangedman_abyss_or_decor_lesser_grid
D:2:      nicolae_overflow_hidden_temple
D:3:      first_bread
D:4:      grunt_temple_overflow_bloody_war, st_stairs_7

Action                   |  1- 3 |  4- 6 || total
-------------------------+-------+-------++-------
Melee: Short sword       |    42 |       ||    42
       Spear             |    57 |     2 ||    59
Evoke: Wand              |     4 |     4 ||     8
  Use: Potion            |       |     1 ||     1
 Stab: Sleeping          |     7 |       ||     7
  Eat: Chunk             |     1 |       ||     1
